 Dungeon Crawl Stone Soup version 0.30-b1-2-g02819fbbbe (webtiles) character file.

Game seed: 17173593535360439968

(classic levelgen) 88 EnegeticOcto the Covered (level 4, -3/40 HPs)
             Began as a Minotaur Fighter on May 9, 2023.
             Killed by an exploding butterfly (25 damage)
             ... ignited by their inner flame
             ... on level 4 of the Dungeon.
             The game lasted 00:01:05 (2022 turns).

EnegeticOcto the Covered (Minotaur Fighter)         Turns: 2022, Time: 00:01:05

Health: -3/40      AC:  7    Str: 22    XL:     4   Next: 29%
Magic:  3/3        EV:  9    Int:  5    God:
Gold:   159        SH:  4    Dex: 10    Spells: 3/3 levels left

rFire   . . .        a - +0 war axe
rCold   . . .        c - +0 buckler
rNeg    . . .        b - +0 scale mail
rPois   .            (helmet restricted)
rElec   .            (no cloak)
rCorr   .            (no gloves)
SInv    .            (no boots)
Will    .....        e - amulet of faith Stlth
                     (no ring)
HPRegen 0.26/turn    (no ring)
MPRegen 0.08/turn

%: faith
@: about to teleport
A: horns 2, retaliatory headbutt
a: no special abilities


You were on level 4 of the Dungeon.
You visited 1 branch of the dungeon, and saw 4 of its levels.

You collected 159 gold pieces.

Inventory:

Hand Weapons
 a - a +0 war axe (weapon)
Armour
 b - a +0 scale mail (worn)
 c - a +0 buckler (worn)
Jewellery
 e - an amulet of faith (around neck)
   (You found it on level 1 of the Dungeon)
Scrolls
 m - 2 scrolls of vulnerability
 o - a scroll of fear
 s - a scroll of enchant armour {unknown}
Potions
 d - a potion of might {@q3}
 g - 3 potions of curing {@q1}
 j - a potion of invisibility
 k - 2 potions of mutation
 n - a potion of heal wounds {@q2}
 p - a potion of haste {unknown}
 q - a potion of cancellation {unknown}
 t - a potion of ambrosia {unknown}
 v - a potion of degeneration {unknown}


   Skills:
 + Level 4.2 Fighting
 * Level 4.0 Axes
 + Level 4.3 Armour
 + Level 4.2 Shields


You had 3 spell levels left.
You didn't know any spells.
Your spell library was empty.

Dungeon Overview and Level Annotations

Branches:
Dungeon (4/15)
 Temple: D:4-7

Altars:
Gozag
Makhleb
Yredelemnul


Innate Abilities, Weirdness & Mutations

You have a pair of horns on your head.
You reflexively headbutt those who attack you in melee.


Message History

No target in view!
As you read the scroll labelled KITECH QITIY, it crumbles to dust.
The scroll dissolves into smoke.
It was a scroll of fog.
As you read the scroll labelled ACLYOKK GYWK, it crumbles to dust.
You hear the flapping of tiny wings.
It was a scroll of butterflies.
As you read the scroll labelled XESKOCZ IWYQOM, it crumbles to dust.
You feel aware of your surroundings.
You sensed 1 altar.
It was a scroll of magic mapping.
As you read the scroll labelled QIKKOT PICH, it crumbles to dust.
It is a scroll of identify.
g - 3 potions of curing
As you read the scroll of identify {@r1}, it crumbles to dust.
j - a potion of invisibility
As you read the scroll of identify {@r1}, it crumbles to dust.
k - 2 potions of mutation
As you read the scroll of identify {@r1}, it crumbles to dust.
n - a potion of heal wounds (Key replay stole keys) No previous command to re-do.
No previous command to re-do.
Unknown command.
The air fills with toxic fumes!
As you read the scroll labelled NERE BUUTEPLU, it crumbles to dust.
It was a scroll of poison.
Your butterfly is engulfed in poison gas.
Your butterfly is poisoned.
You kill your butterfly!
Your butterfly disappears in a burst of colours!
Your butterfly is engulfed in poison gas.
Your butterfly is poisoned.
You kill your butterfly!
Your butterfly disappears in a burst of colours!
Your butterfly is engulfed in poison gas.
Your butterfly is poisoned.
You kill your butterfly!
Your butterfly disappears in a burst of colours!
Your butterfly is engulfed in poison gas.
Your butterfly is poisoned.
You kill your butterfly!
Your butterfly disappears in a burst of colours!
Your butterfly is engulfed in poison gas.
Your butterfly is poisoned.
You kill your butterfly!
Your butterfly disappears in a burst of colours!
Your butterfly is engulfed in poison gas.
Your butterfly is poisoned.
You kill your butterfly!
Your butterfly disappears in a burst of colours!
Your butterfly is poisoned.
As you read the scroll labelled LUCWIYL YSYGH, it crumbles to dust.
You feel strangely unstable.
It was a scroll of teleportation.
You kill your butterfly!
Your butterfly disappears in a burst of colours!
Your butterfly is engulfed in poison gas.
Your butterfly is poisoned.
You kill your butterfly!
Your butterfly disappears in a burst of colours!
Your butterfly is engulfed in poison gas.
Your butterfly is poisoned.
You kill your butterfly!
Your butterfly disappears in a burst of colours!
As you read the scroll labelled LUSKAA KOHEARU, it crumbles to dust.
The creatures around you are filled with an inner flame!
It was a scroll of immolation.
Your butterfly is engulfed in poison gas.
Your butterfly is poisoned.
Your butterfly disappears in a burst of colours!
Your butterfly explodes!
The fiery explosion engulfs your butterfly!!!
Your butterfly disappears in a burst of colours!
The fiery explosion engulfs your butterfly!!
Your butterfly disappears in a burst of colours!
Your butterfly explodes! x2
The fiery explosion engulfs your butterfly!!
Your butterfly disappears in a burst of colours!
The fiery explosion engulfs your butterfly!!!
Your butterfly disappears in a burst of colours!
You hear an explosion!
The fiery explosion engulfs your butterfly!
Your butterfly disappears in a burst of colours!
You hear an explosion!
Your butterfly explodes!
The fiery explosion engulfs your butterfly!!
Your butterfly disappears in a burst of colours!
Your butterfly explodes!
The fiery explosion engulfs your butterfly!!
Your butterfly disappears in a burst of colours!
Your butterfly explodes!
The fiery explosion engulfs your butterfly!!
Your butterfly disappears in a burst of colours!
The fiery explosion engulfs your butterfly!
Your butterfly disappears in a burst of colours!
The fiery explosion engulfs you!!
Your butterfly explodes!
The fiery explosion engulfs your butterfly!!
You kill your butterfly!
Your butterfly disappears in a burst of colours!
The fiery explosion engulfs you!!
Ouch! That really hurt!
You die...

*,,,,,,,********,,,,,,
#############*****,**,,*
*#.$...#....§##§,,,,**,,*
**........bb§§§§§******,**
*,.....<...b§§§§#***,,,,**
*,.....b§§bb§§§§#*,,,*,,,,
*,.....§§§.§§§§§#*,***,,**
*,....§§§§b§§§§b#*,**,,,*
*,....§§§@§§§...##,**,***
*,.....§§§§§......,**,*
**..b.b§§§§§...>#****,*
*#.....§§§....##*,,,,*
######.####..#*,,**** #.*
**.#...** #.* *,,.,##* #.*
*,**#* #.***** **


There were no monsters in sight!

Vanquished Creatures
  3 adders
  A worm (D:3)
  A dart slug (D:3)
  2 orcs (D:3)
  6 endoplasms
  A giant cockroach (D:3)
  5 goblins
  4 hobgoblins
  4 jackals (D:3)
  5 kobolds
  2 quokkas (D:1)
  3 ball pythons
  5 bats
  3 frilled lizards (D:1)
  5 rats
50 creatures vanquished.

Notes
Turn   | Place    | Note
-------+----------+-------------------------------------------
     0 | D:1      | EnegeticOcto the Minotaur Fighter began the quest for the
                  | Orb.
     0 | D:1      | Reached XP level 1. HP: 19/19 MP: 0/0
   119 | D:1      | Reached XP level 2. HP: 22/27 MP: 1/1
   749 | D:2      | Reached XP level 3. HP: 33/33 MP: 2/2
  1297 | D:3      | Found an opulent altar of Gozag.
  1297 | D:3      | Found a basalt altar of Yredelemnul.
  1485 | D:3      | Reached XP level 4. HP: 40/40 MP: 3/3
  1965 | D:3      | Found a burning altar of Makhleb.
  2022 | D:4      | Killed by an exploding butterfly... ignited by their inner
                  | flame

Illustrated notes

Levels and vault maps discovered:
D:1:      dreamdust_arrival_sigmund_warning, layout_loops_ring
D:2:      layout_rooms
D:3:      layout_loops_corners, gammafunk_temple_overflow_claw
D:4:      layout_rooms, okawaru_gym_becter

Skill      XL: |  1  2  3  4 |
---------------+-------------+-----
Axes           | 3 4 |  4.0
Shields        | 4 |  4.2
Fighting       | 4 |  4.2
Armour         | 4 |  4.3

Action                     |  1- 3 |  4- 6 || total
---------------------------+-------+-------++-------
  Melee: War axe           |    76 |     8 ||    84
         Headbutt          |    10 |     1 ||    11
    Use: Scroll            |       |    12 ||    12
 Armour: Scale mail        |    39 |     3 ||    42
  Dodge: Dodged            |    36 |     5 ||    41
  Block: Buckler           |    15 |       ||    15
